 Dungeon Crawl Stone Soup version 0.30-a0-6-g7c9e10e132 (webtiles) character file.

Game seed: 4318677767538096910

1840 SensoryNuts the Basher (level 8, -2/78 HPs)
             Began as a Troll Fighter on Aug 22, 2022.
             Slain by a gnoll
             ... wielding a +0 halberd
             ... led by a gnoll sergeant
              (7 damage)
             ... on level 6 of the Dungeon.
             The game lasted 00:07:46 (3833 turns).

SensoryNuts the Basher (Troll Fighter)              Turns: 3833, Time: 00:07:48

Health: -2/78      AC:  6    Str: 25 (26) XL:     8   Next: 87%
Magic:  7/7        EV: 10    Int:  5 (8)  God:
Gold:   186        SH:  0    Dex:  6 (8)  Spells: 7/7 levels left

rFire   . . .      SeeInvis .    j - +0 giant spiked club
rCold   . . .      Faith    .    (shield currently unavailable)
rNeg    . . .      Spirit   .    b - +0 robe
rPois   +          Reflect  .    (helmet restricted)
rElec   .          Harm     .    i - +1 cloak
rCorr   .          Rampage  .    (gloves unavailable)
Will    .....                    (boots unavailable)
Stlth   +.........               (no amulet)
HPRegen 1.83/turn                e - ring of poison resistance
MPRegen 0.10/turn                (no ring)

@: mighty, lethally poisoned (-2 -> -4), slowed, very slow
A: large, unfitting armour, claws 3, regeneration 2, shaggy fur 1, tough skin 1,
horns 1, clever 1, screaming 1
a: no special abilities


You were on level 6 of the Dungeon.
You visited 1 branch of the dungeon, and saw 6 of its levels.

You collected 186 gold pieces.

Inventory:

Hand Weapons
 j - a +0 giant spiked club (weapon)
Armour
 b - a +0 robe (worn)
 i - a +1 cloak (worn)
Jewellery
 e - a ring of poison resistance (left claw)
 o - a ring of positive energy
Wands
 h - a wand of roots (6)
Scrolls
 a - a scroll of poison
 d - a scroll of blinking
 g - 4 scrolls of teleportation
 l - a scroll of noise
 p - a scroll of amnesia
 r - a scroll of magic mapping
Potions
 f - 2 potions of mutation
 k - a potion of curing


   Skills:
 + Level 4.2 Fighting
 * Level 8.5 Maces & Flails
 + Level 4.5 Dodging
 + Level 0.6 Stealth
 + Level 3.8 Shields


You had 7 spell levels left.
You didn't know any spells.
Your spell library contained the following spells:

 Spells                   Type           Power      Damage    Failure   Level
 Necrotise                Necr           0%         1d4       47%         1
 Poisonous Vapours        Pois/Air       0%         N/A       63%         2
 Ozocubu's Armour         Ice            0%         N/A       85%         3
 Animate Dead             Necr           0%         N/A       99%         4
 Corpse Rot               Necr/Pois/Air  0%         N/A       99%         4
 Haunt                    Necr/Summ      0%         N/A       100%        7
 Ozocubu's Refrigeration  Ice            0%         4d7       100%        7
 Infestation              Necr           0%         N/A       100%        8


Dungeon Overview and Level Annotations

Branches:
Dungeon (6/15)
 Temple: D:4-7

Altars:
Fedhas
Qazlal
Sif Muna
The Shining One

Shops:
D:3 (   D:5 !

Annotations:
D:3 1 runed translucent door, Crazy Yiuf


Innate Abilities, Weirdness & Mutations

You are too large for most types of armour.
You have claws for hands.
You heal very quickly.
You are covered in fur. (AC +1)
You have tough skin. (AC +1)
You have a pair of small horns on your head.
Your mind is acute. (Int +4, Str/Dex -1)
You occasionally shout uncontrollably at your foes.


Message History

You feel very mighty all of a sudden.
The gnoll sergeant hits you but does no damage.
The gnoll barely misses you. The wraith closely misses you.
The gnoll attacks as you move away! The gnoll hits you with a +0 club.
You impale the gnoll!!
You kill the gnoll!
The scorpion stings you. The wraith hits you! The wraith drains your vigour!
You feel yourself slow down.
You closely miss the scorpion.
The scorpion is almost dead.
The scorpion closely misses you. The wraith hits you.
The wraith drains your vigour!
You feel as though you will be slow longer.
The scorpion closely misses you.
The gnoll sergeant hits you from afar with a +0 trident.
The gnoll closely misses you. The wraith misses you.
You barely miss the scorpion. Your headbutt misses the scorpion.
The scorpion is almost dead.
The scorpion stings you but does no damage.
The gnoll sergeant hits you from afar with a +0 trident!
The wraith hits you. The wraith drains your vigour!
You feel as though you will be slow longer.
The gnoll barely misses you. The scorpion stings you.
The gnoll barely misses you. The wraith closely misses you.
The gnoll sergeant barely misses you. The scorpion stings you.
* * * LOW HITPOINT WARNING * * *
You barely miss the scorpion.
The scorpion is almost dead.
The scorpion stings you but does no damage.
The gnoll sergeant hits you from afar with a +0 trident!
* * * LOW HITPOINT WARNING * * *
The wraith hits you but does no damage.
The gnoll hits you from afar with a +0 halberd.
* * * LOW HITPOINT WARNING * * *
The scorpion stings you.
* * * LOW HITPOINT WARNING * * *
You are poisoned.
The scorpion poisons you!
The gnoll hits you from afar with a +0 halberd!
You die...

.....# ......# .......
########### .......
#.........# ....:..
#.........# ####
.......##.........###...
.......#Wg........##....
......$@sgg.......#.....
.......##g..............
....... #...............
.......##$..............
...................#....
.....................>.#
.........######....#....
......... ##....†....
....... ...........


You could see a wraith, a gnoll sergeant, a scorpion and 3 gnolls.

Vanquished Creatures
  Pikel (D:5)
  Sigmund (D:3)
  Eustachio (D:5)
  Edmund (D:4)
  3 ogres
  A centaur (D:5)
  2 scorpions
  A hound (D:5)
  An orc priest (D:3)
  A jelly (D:6)
  2 iguanas
  Terence (D:3)
  An orc wizard (D:3)
  19 gnolls
  9 adders
  A shadow imp (D:5)
  3 worms
  2 dart slugs
  8 orcs
  5 ball pythons
  4 bats
  2 endoplasms
  4 giant cockroaches
  4 goblins
  5 hobgoblins
  8 jackals
  2 quokkas
  2 frilled lizards
  5 kobolds
  7 rats
107 creatures vanquished.

Vanquished Creatures (others)
  3 fungi
  7 plants (D:1)
10 creatures vanquished.

Grand Total: 117 creatures vanquished

Notes
Turn   | Place    | Note
-------+----------+-------------------------------------------
     0 | D:1      | SensoryNuts the Troll Fighter began the quest for the Orb.
     0 | D:1      | Reached XP level 1. HP: 22/22 MP: 0/0
    50 | D:1      | Reached skill level 2 in Maces & Flails
    50 | D:1      | Reached XP level 2. HP: 27/29 MP: 1/1
   184 | D:1      | Found a faded altar of an unknown god.
   197 | D:1      | Got Plato's Secrets of Despicable Secrets
   468 | D:1      | Reached XP level 3. HP: 36/36 MP: 2/2
   838 | D:2      | Found a stormy altar of Qazlal.
   909 | D:2      | Reached skill level 3 in Maces & Flails
  1022 | D:2      | Reached XP level 4. HP: 44/44 MP: 3/3
  1445 | D:3      | Noticed Sigmund
  1921 | D:2      | Gained mutation: You heal very quickly. [potion of
                  | mutation]
  1921 | D:2      | Gained mutation: Your mind is acute. (Int +4, Str/Dex -1)
                  | [potion of mutation]
  1921 | D:2      | Gained mutation: You occasionally shout uncontrollably at
                  | your foes. [potion of mutation]
  1921 | D:2      | Gained mutation: You have a pair of small horns on your
                  | head. [potion of mutation]
  1937 | D:3      | Killed Sigmund
  1938 | D:3      | Reached skill level 4 in Maces & Flails
  1938 | D:3      | Reached XP level 5. HP: 52/52 MP: 4/4
  1938 | D:3      | Reached XP level 6. HP: 59/59 MP: 5/5
  1963 | D:3      | Noticed Terence
  1972 | D:3      | Killed Terence
  2102 | D:3      | Found a blossoming altar of Fedhas.
  2198 | D:3      | Found a glowing golden altar of the Shining One.
  2222 | D:3      | Found a runed translucent door.
  2223 | D:3      | Noticed Crazy Yiuf
  2277 | D:3      | Found a faded altar of an unknown god.
  2284 | D:3      | Found a shimmering blue altar of Sif Muna.
  2296 | D:3      | Found Hedoyrph's Weapon Boutique.
  2480 | D:4      | Reached skill level 5 in Maces & Flails
  2544 | D:4      | Reached XP level 7. HP: 42/67 MP: 6/6
  3204 | D:5      | Entered Level 5 of the Dungeon
  3204 | D:5      | Noticed Edmund
  3231 | D:4      | Killed Edmund
  3232 | D:4      | Reached skill level 6 in Maces & Flails
  3341 | D:5      | Reached XP level 8. HP: 76/78 MP: 7/7
  3349 | D:5      | Noticed Eustachio
  3376 | D:5      | Killed Eustachio
  3377 | D:5      | Reached skill level 7 in Maces & Flails
  3397 | D:5      | Noticed Pikel
  3416 | D:5      | Killed Pikel
  3417 | D:5      | Reached skill level 8 in Maces & Flails
  3583 | D:5      | Found Plog's Distillery.
  3833 | D:6      | Slain by a gnoll

Illustrated notes

Levels and vault maps discovered:
D:1:      roderic_crop_circles_arrival_small, layout_basic,
          shapermc_ecumenical_altar_rom_forum, minmay_stone_trees_medium,
          glass_columns_b
D:2:      layout_loops_ring, basic_altar, chequers_serial_rivers_small_3
D:3:      layout_rooms, nicolae_overflow_ecumenical_swirl,
          mainiacjoe_overflow_boulevard, mainiacjoe_overflow_alcove_1,
          serial_shops, nicolae_shop_bloodbath_and_beyond, uniq_terence,
          uniq_sigmund, uniq_crazy_yiuf_cottage
D:4:      layout_loops_cross
D:5:      layout_rooms, serial_shops, kennysheep_mini, uniq_eustachio,
          uniq_edmund, uniq_pikel
D:6:      layout_rooms, dk_xom_monty_hall, grunt_temple_overflow_diamond,
          minmay_temple_entry_statues_pillars, minmay_microvault

Skill      XL: |  1  2  3  4  5  6  7  8 |
---------------+-------------------------+-----
Maces & Flails | 2 3 4 5 6 8 |  8.5
Shields        | 3 |  3.8
Dodging        | 3 4 |  4.5
Fighting       | 3 4 |  4.2
Stealth        | |  0.6

Action                   |  1- 3 |  4- 6 |  7- 9 || total
-------------------------+-------+-------+-------++-------
Melee: Flail             |   116 |   143 |       ||   259
       Headbutt          |       |    13 |    18 ||    31
       Giant club        |       |       |    50 ||    50
       Giant spiked club |       |       |   101 ||   101
  Use: Potion            |       |     8 |     5 ||    13
       Scroll            |       |     4 |     5 ||     9
Armor: Robe              |    85 |    78 |    81 ||   244
Dodge: Dodged            |    56 |    99 |   120 ||   275
Block: Kite shield       |    51 |    92 |       ||   143

Table legend: (Time is in decaauts)
 A = Elapsed time spent in this place.
 B = Non-inter-level travel time spent in this place.
 C = Inter-level travel time spent in this place.
 D = Time resting spent in this place.
 E = Time spent auto-exploring this place.
 F = Levels seen in this place.
 G = Mean time per level.
                   A        B        C        D        E       F      G
               +--------+--------+--------+--------+--------+-----+--------+
         Total |   3981 |   3799 |    182 |    303 |   2333 |   6 |  663.5 |
       Dungeon |   3981 |   3799 |    182 |    303 |   2333 |   6 |  663.5 |
               +--------+--------+--------+--------+--------+-----+--------+

Top non-repeatable levels by time:
     D:2: 1240 daAuts
     D:4: 818 daAuts
     D:1: 739 daAuts
     D:3: 561 daAuts
     D:5: 495 daAuts
     D:6: 125 daAuts
